 Dungeon Crawl Stone Soup version 0.29-a0-1052-g6990b1bffc (webtiles) character file.

Game seed: 2248992891441630273

421 ytrimaz the Insei (level 6, -3/47 HPs)
             Began as a Demonspawn Transmuter on Aug 17, 2022.
             Slain by Pikel
             ... wielding a +1 whip of freezing
              (4 damage)
             ... on level 5 of the Dungeon.
             The game lasted 00:02:43 (4581 turns).

ytrimaz the Insei (Demonspawn Transmuter)           Turns: 4581, Time: 00:02:44

Health: -3/47      AC:  2    Str: 11    XL:     6   Next: 62%
Magic:  2/9        EV: 21    Int: 16    God:
Gold:   230        SH:  0    Dex: 18    Spells: 3/9 levels left

rFire   . . .      SeeInvis .     - Unarmed
rCold   . . .      Faith    .   (shield currently unavailable)
rNeg    . . .      Spirit   .   (body armour currently unavailable)
rPois   x          Reflect  .   (helmet currently unavailable)
rElec   .          Harm     .   (cloak currently unavailable)
rCorr   .          Rampage  .   (gloves currently unavailable)
Will    .....                   (boots currently unavailable)
Stlth   ++........              (no amulet)
HPRegen 0.15/turn               (no ring)
MPRegen 0.11/turn               (no ring)

@: spider-form (expiring), wereblooded
A: venomous fangs, tiny, (molten scales 1), powered by pain 1, demonic magic 1
a: End Transformation


You were on level 5 of the Dungeon.
You were a venomous arachnid creature.
You visited 2 branches of the dungeon, and saw 6 of its levels.

You collected 230 gold pieces.

Inventory:

Armour
 a - a +1 robe (melded)
Jewellery
 o - a ring of ice
Wands
 c - a wand of mindburst (9)
 d - a wand of paralysis (9)
Scrolls
 g - 2 scrolls of fear
 k - a scroll of blinking
 l - 2 scrolls of magic mapping
Potions
 b - a potion of lignification
 e - 3 potions of heal wounds
 f - 2 potions of curing
 h - 2 potions of flight {unknown}
 i - a potion of attraction {unknown}
 j - a potion of might {unknown}
 m - 2 potions of resistance {unknown}


   Skills:
 * Level 3.2 Fighting
 + Level 3.8 Dodging
 + Level 5.1 Unarmed Combat
 - Level 2.0 Spellcasting
 - Level 1.7 Transmutations


You had 3 spell levels left.
You knew the following spells:

 Your Spells              Type           Power      Damage    Failure   Level
a - Beastly Appendage     Tmut           14%        N/A       24%         1
b - Wereblood             Tmut           7%         N/A       34%         2
c - Spider Form           Tmut/Pois      4%         N/A       63%         3

Your spell library contained the following spells:

 Spells                   Type           Power      Damage    Failure   Level
 Ensorcelled Hibernation  Hex/Ice        2%         N/A       52%         2
 Confusing Touch          Hex            1%         N/A       73%         3
 Ice Form                 Ice/Tmut       4%         N/A       93%         4
 Anguish                  Hex/Necr       0%         N/A       97%         4
 Hailstorm                Conj/Ice       1%         3d3       97%         4
 Yara's Violent Unravell  Hex/Tmut       2%         3d3       99%         5
 Simulacrum               Ice/Necr       0%         N/A       100%        6
 Enfeeble                 Hex            0%         N/A       100%        7


Dungeon Overview and Level Annotations

Branches:
Dungeon (5/15)             Temple (1/1) D:4

Altars:
Cheibriados
Dithmenos
Fedhas
Gozag
Hepliaklqana
Kikubaaqudgha
Nemelex Xobeh
Okawaru
Qazlal
Ru
Sif Muna
Trog
Uskayaw
Vehumet
Wu Jian
Xom

Annotations:
D:5 Pikel


Innate Abilities, Weirdness & Mutations

You are a venomous arachnid creature.
You have poisonous fangs.
You are tiny and dextrous.
Your spellcasting is less reliable in this form.
Your armour is entirely melded.
You are incapable of wielding weapons or throwing items.
((You are partially covered in molten scales. (AC +2)))
You sometimes gain a little power by taking damage.
Spells you cast may paralyse adjacent enemies.


Message History

Unknown command.
You hit the lemure.
The lemure looks as sick as possible!
The lemure is almost dead.
You kill the lemure!
That felt strangely unrewarding.
You closely miss Pikel. Pikel misses you.
You barely miss Pikel.
Your transformation has ended.
Your +1 robe unmelds from your body.
Pikel hits you with a +1 whip of freezing.
Pikel freezes you.
You barely miss Pikel.
Pikel hits you with a +1 whip of freezing!
Pikel freezes you.
Unknown command.
You are too injured to fight recklessly!
You barely miss Pikel.
Pikel hits you with a +1 whip of freezing!
* * * LOW HITPOINT WARNING * * *
Pikel freezes you.
* * * LOW HITPOINT WARNING * * *
You hit Pikel but do no damage. Pikel barely misses you.
You are too injured to fight recklessly!
Unknown command.
Casting: Wereblood (safe; 16% risk of failure)
Confirm with . or Enter, or press ? or * to list all spells.
The spell is quite dangerous to miscast (41% risk of failure)!
Continue anyway?
You turn into a venomous arachnid creature.
Your +1 robe melds into your body.
Malevolent energies surge around you.
Your transformation is almost over.
Pikel closely misses you.
Unknown command.
You bite Pikel!
Pikel is poisoned.
Pikel is lightly wounded.
You hit Pikel but do no damage.
Pikel looks as sick as possible!
Pikel is moderately wounded.
Pikel hits you with a +1 whip of freezing!
* * * LOW HITPOINT WARNING * * *
Pikel freezes you.
You die...

## #.# .# #########
... .# ##.# .#
#######.# ........#
#########.#
..........#
#########.######.#.
#######5Ks.......
#......#######.##
#.####........
#5.###### ....
#5##. ... .# ... #
..K


You could see Pikel (extremely poisoned) and a lemure.

Vanquished Creatures
  Duvessa (D:4)
  A lemure (D:5)
  Blork the orc (D:5)
  Dowan (D:4)
  A jelly (D:4)
  2 orc priests (D:4)
  An iguana (D:4)
  An orc wizard (D:4)
  2 adders
  A worm (D:5)
  2 dart slugs
  4 orcs (D:4)
  2 endoplasms
  A giant cockroach (D:4)
  6 goblins
  4 hobgoblins
  4 jackals (D:4)
  2 kobolds
  A quokka (D:1)
  2 ball pythons (D:2)
  4 bats
  2 frilled lizards
  4 rats
50 creatures vanquished.

Notes
Turn   | Place    | Note
-------+----------+-------------------------------------------
     0 | D:1      | ytrimaz the Demonspawn Transmuter began the quest for the
                  | Orb.
     0 | D:1      | Reached XP level 1. HP: 15/15 MP: 3/3
   257 | D:1      | Reached skill level 3 in Unarmed Combat
   504 | D:1      | Gained mutation: You are partially covered in molten
                  | scales. (AC +2) [demonic ancestry]
   504 | D:1      | Reached XP level 2. HP: 21/21 MP: 3/5
  1698 | D:2      | Reached XP level 3. HP: 13/27 MP: 4/6
  2520 | D:4      | Noticed Dowan
  2521 | D:4      | Noticed Duvessa
  2526 | D:4      | Killed Dowan
  2527 | D:4      | Reached XP level 4. HP: 33/33 MP: 7/7
  2532 | D:4      | Killed Duvessa
  2533 | D:4      | Reached skill level 4 in Unarmed Combat
  2533 | D:4      | Gained mutation: You sometimes gain a little power by
                  | taking damage. [demonic ancestry]
  2533 | D:4      | Reached XP level 5. HP: 39/39 MP: 8/8
  2569 | D:4      | Gained mutation: Spells you cast may paralyse adjacent
                  | enemies. [demonic ancestry]
  2569 | D:4      | Reached XP level 6. HP: 13/46 MP: 9/9
  3174 | D:4      | Found a staircase to the Ecumenical Temple.
  3190 | Temple   | Entered the Ecumenical Temple
  3731 | D:4      | Learned a level 2 spell: Wereblood
  3735 | D:4      | Learned a level 3 spell: Spider Form
  3879 | D:5      | Entered Level 5 of the Dungeon
  4275 | D:5      | Noticed Blork the orc
  4287 | D:5      | Killed Blork the orc
  4288 | D:5      | Reached skill level 5 in Unarmed Combat
  4560 | D:5      | Noticed Pikel
  4581 | D:5      | HP: 1/47 [Pikel/+1 whip of freezing (8)]
  4581 | D:5      | Slain by Pikel

Illustrated notes

Levels and vault maps discovered:
D:1:      nicolae_arrival_somewhat_less_tricky_arrival, layout_loops_ring
D:2:      layout_loops_ring
D:3:      layout_rooms
D:4:      layout_loops_cross, minmay_temple_entry_hall, grunt_ministairs_10,
          uniq_duvessa
D:5:      layout_basic, serial_co_window_serial, co_window_paths_b,
          co_window_corner_a, co_window_paths_a, co_window_corner_a,
          co_window_paths_b, co_window_paths_c, co_window_unsneaky_path_e,
          co_window_broadway_c, co_window_unsneaky_path_e, glass_columns_b,
          glass_columns_c, uniq_pikel, uniq_blork_the_orc
Temple:   nicolae_temple_bog_church

Skill      XL: |  1  2  3  4  5  6 |
---------------+-------------------+-----
Unarmed Combat | 3 4 5 |  5.1
Dodging        | 2 3 |  3.8
Fighting       | 2 3 |  3.2
Spellcasting   | |  2.0
Transmutations | |  1.7

Action                   |  1- 3 |  4- 6 || total
-------------------------+-------+-------++-------
Melee: Unarmed           |    96 |    73 ||   169
       Kick              |    12 |    11 ||    23
       Headbutt          |     9 |     9 ||    18
       Punch             |     3 |     5 ||     8
 Cast: Beastly Appendage |    28 |    14 ||    42
       Spider Form       |       |     2 ||     2
       Wereblood         |       |     1 ||     1
  Use: Scroll            |     7 |     4 ||    11
       Potion            |     2 |       ||     2
 Stab: Sleeping          |     1 |       ||     1
       Paralysed         |       |     2 ||     2
Armor: Robe              |    31 |    10 ||    41
       Skin              |       |     6 ||     6
Dodge: Dodged            |    75 |    35 ||   110

Table legend: (Time is in decaauts)
 A = Elapsed time spent in this place.
 B = Non-inter-level travel time spent in this place.
 C = Inter-level travel time spent in this place.
 D = Time resting spent in this place.
 E = Time spent auto-exploring this place.
 F = Levels seen in this place.
 G = Mean time per level.
                   A        B        C        D        E       F      G
               +--------+--------+--------+--------+--------+-----+--------+
         Total |   4578 |   4472 |    106 |    361 |   3599 |   6 |  763.0 |
       Dungeon |   4388 |   4297 |     91 |    361 |   3442 |   5 |  877.6 |
        Temple |    190 |    175 |     15 |      0 |    157 |   1 |  190.0 |
               +--------+--------+--------+--------+--------+-----+--------+

Top non-repeatable levels by time:
     D:1: 1242 daAuts
     D:4: 1236 daAuts
     D:2: 1078 daAuts
     D:5: 699 daAuts
  Temple: 190 daAuts
     D:3: 132 daAuts
